 Dungeon Crawl Stone Soup version 0.19-a0-895-gdbd5520 (webtiles) character file.

11186 HenryFlower the Stickfighter (level 11, -11/94 HPs)
             Began as a Minotaur Gladiator on July 4, 2016.
             Was an Elder of Makhleb.
             Mangled by an orc warrior
             ... wielding a +0 halberd
              (12 damage)
             ... in a bailey.
             The game lasted 00:21:25 (12023 turns).

HenryFlower the Stickfighter (Minotaur Gladiator)  Turns: 12023, Time: 00:21:25

Health: -11/94     AC: 17    Str: 20    XL:     11   Next: 46%
Magic:  13/14      EV: 10    Int:  5    God:    Makhleb [****..]
Gold:   499        SH:  0    Dex: 14    Spells: 0 memorised, 10 levels left

rFire  + . .     SeeInvis .     a - +9 lajatang (vamp)
rCold  . . .     Gourm    .     s - +0 plate armour
rNeg   . . .     Faith    .     (shield currently unavailable)
rPois  .         Spirit   .     c - +0 hat
rElec  .         Dismiss  .     L - +0 cloak
rCorr  .         Reflect  .     l - +0 pair of gloves
SustAt .         Harm     .     H - +0 pair of boots
MR     .....                    (no amulet)
Stlth  ..........               t - ring of stealth
                                w - ring of protection from fire

@: flying, not resistant to hostile enchantments, extremely unstealthy
A: retaliatory headbutt, horns 2
a: Minor Destruction, Lesser Servant of Makhleb, Major Destruction, Renounce
Religion


You were in a bailey.
You worshipped Makhleb.
Makhleb was greatly pleased with you.
You were not hungry.

You visited 2 branches of the dungeon, and saw 12 of its levels.
You also visited: Bailey.

You collected 499 gold pieces.

Inventory:

Hand Weapons
 a - a +9 vampiric lajatang (weapon)
Missiles
 d - 7 throwing nets (quivered)
Armour
 c - a +0 hat (worn)
 l - a +0 pair of gloves (worn)
 s - a +0 plate armour (worn)
 H - a +0 pair of boots (worn)
 L - a +0 cloak (worn)
Jewellery
 m - an uncursed ring of ice
 o - an uncursed ring of see invisible
 t - a ring of stealth (right hand)
 w - a ring of protection from fire (left hand)
 A - a +3 ring of intelligence
Wands
 k - a wand of acid (13/15)
 p - a wand of hasting (2/9)
 y - a wand of acid (4/15)
 C - a wand of paralysis (6/24)
 F - a wand of disintegration (7/24)
 O - a wand of disintegration (6/24)
Scrolls
 b - a scroll of recharging
 e - a scroll of teleportation
 n - 2 scrolls of fear
 u - 6 scrolls of remove curse
Potions
 g - 5 potions of curing
 j - 2 potions of heal wounds
 q - a potion of cure mutation {unknown}
 r - 3 potions of agility
 D - 2 potions of haste
 G - 2 potions of lignification
 K - a potion of cancellation {unknown}
Comestibles
 f - 5 bread rations
 h - 11 fruits
 i - 4 beef jerkies
 v - 4 meat rations
 z - 10 slices of pizza
 B - a royal jelly


   Skills:
 + Level 8.2 Fighting
 - Level 15.2 Staves
 - Level 2.0 Throwing
 + Level 7.8 Armour
 + Level 8.0 Dodging
 + Level 5.4 Invocations


You had 10 spell levels left.
You didn't know any spells.

Dungeon Overview and Level Annotations

Branches:
Dungeon (11/15)            Temple (1/1) D:4            Lair (0/6) D:8
    Orc: D:9-12

Altars:
Ashenzari
Cheibriados
Dithmenos
Elyvilon
Fedhas
Gozag
Hepliaklqana
Kikubaaqudgha
Makhleb
Nemelex Xobeh
Okawaru
Pakellas
Qazlal
Ru
Sif Muna
Trog
Uskayaw
Vehumet
Xom
Yredelemnul
Zin
The Shining One

Shops:
D:8 *   D:10 !   D:11 }

Portals:
Trove: D:10 (give 12 potions of heal wounds)


Innate Abilities, Weirdness & Mutations

You reflexively headbutt those who attack you in melee.
You have a pair of horns on your head.


Message History

* * * LOW HITPOINT WARNING * * *
The orc warrior hits you from afar with a halberd!
* * * LOW HITPOINT WARNING * * *
Unknown command.
The orc warrior unwields an uncursed arbalest.
The orc warrior barely misses you. You furiously retaliate!
You headbutt the orc warrior.
The orc knight hits you from afar with a trident.
* * * LOW HITPOINT WARNING * * *
The orc warrior hits you but does no damage.
You closely miss the orc warrior.
The orc warrior hits you with a halberd!
* * * LOW HITPOINT WARNING * * *
The orc warrior hits you but does no damage.
The orc knight hits you from afar with a trident!!
* * * LOW HITPOINT WARNING * * *
You slice the orc warrior!! You headbutt the orc warrior.
The orc warrior is almost dead.
The orc warrior hits you from afar with a halberd!
You die...

###
#########∩#########
##.....##.∩.##.....##
#..≈≈≈..#..(#..≈≈≈..#
#.≈≈o≈≈.......≈≈)≈≈.#
+.≈oo)≈.......≈)).≈.+
#.≈≈o@≈.......≈≈)≈≈.#
#..≈≈≈..#...#..≈≈≈..#
##.....##...##.....##
#########∩#########
###


You could see an orc knight and 3 orc warriors.

Vanquished Creatures
  Harold (D:10)
  A death knight (D:10)
  Nergalle (D:11)
  An unseen horror (D:10)
  A hill giant (D:11)
  An orc knight (Bailey)
  Pikel (D:6)
  An ugly thing (D:10)
  Maurice (D:9)
  3 trolls
  A hog (D:7)
  A human (D:7)
  9 yaks
  A hippogriff (D:11)
  Menkaure (D:7)
  A water moccasin (D:9)
  8 orc warriors
  A wasp (D:8)
  4 sky beasts
  3 slaves (D:6)
  A black bear (D:10)
  2 centaurs
  2 ogres
  A big kobold (D:7)
  3 giant frogs
  A wyvern zombie (D:9)
  A water moccasin zombie (D:7)
  2 scorpions (D:7)
  A wight (D:9)
  13 electric eels
  A crimson imp (D:8)
  2 giant frog zombies
  A quasit (D:5)
  8 hounds
  A centaur skeleton (D:7)
  4 orc wizards
  10 orc priests
  Terence (D:2)
  3 iguanas
  5 worker ants
  A killer bee zombie (D:9)
  2 sheep (D:7)
  A hound zombie (D:6)
  3 hound skeletons
  3 worker ant zombies
  5 gnolls
  A howler monkey skeleton (D:7)
  8 adders
  3 shadow imps
  An ooze (D:6)
  An adder skeleton (D:8)
  3 worms
  A dart slug (D:1)
  4 giant geckos
  25 orcs
  3 giant cockroaches
  10 goblins
  7 hobgoblins
  12 jackals
  11 quokkas
  2 ball pythons
  3 bats (D:1)
  6 giant newts
  12 kobolds
  A quokka zombie (D:7)
  7 rats
241 creatures vanquished.

Vanquished Creatures (others)
  A hound (D:8)
1 creature vanquished.

Grand Total: 242 creatures vanquished

Notes
Turn   | Place    | Note
-------+----------+-------------------------------------------
     0 | D:1      | HenryFlower the Minotaur Gladiator began the quest for the Orb.
     0 | D:1      | Reached XP level 1. HP: 18/18 MP: 0/0
   179 | D:1      | Reached skill level 4 in Staves
   263 | D:1      | Reached XP level 2. HP: 24/25 MP: 1/1
   542 | D:1      | Reached skill level 5 in Staves
   593 | D:1      | Reached XP level 3. HP: 29/30 MP: 2/2
  1305 | D:2      | Noticed Terence
  1317 | D:2      | Killed Terence
  1317 | D:2      | Reached XP level 4. HP: 20/37 MP: 3/3
  1546 | D:2      | Reached skill level 6 in Staves
  2574 | D:3      | Reached XP level 5. HP: 41/42 MP: 4/4
  2612 | D:3      | Reached skill level 7 in Staves
  3398 | D:4      | Found a staircase to the Ecumenical Temple.
  3415 | Temple   | Entered the Ecumenical Temple
  3553 | D:4      | Found a white marble altar of Elyvilon.
  3964 | D:4      | Found an iron altar of Okawaru.
  4112 | D:5      | Entered Level 5 of the Dungeon
  4156 | D:5      | Reached skill level 8 in Staves
  4156 | D:5      | Reached XP level 6. HP: 31/50 MP: 5/5
  4563 | D:5      | Reached skill level 9 in Staves
  4660 | D:5      | Found a snail-covered altar of Cheibriados.
  4793 | D:5      | Found a shadowy altar of Dithmenos.
  4804 | D:5      | Found an opulent altar of Gozag.
  4952 | D:6      | Noticed a sky beast
  5031 | D:5      | Reached XP level 7. HP: 24/56 MP: 6/6
  5241 | D:6      | Identified a scroll of acquirement
  5407 | D:6      | Reached skill level 10 in Staves
  5455 | D:6      | Noticed Pikel
  5459 | D:6      | Paralysed by Pikel for 7 turns
  5470 | D:6      | Paralysed by Pikel for 3 turns
  5477 | D:6      | Killed Pikel
  5477 | D:6      | Reached skill level 11 in Staves
  5477 | D:6      | Reached XP level 8. HP: 59/62 MP: 7/7
  5485 | D:6      | Reached skill level 12 in Staves
  5903 | D:7      | Noticed Menkaure
  5910 | D:7      | Killed Menkaure
  5960 | D:7      | Reached skill level 13 in Staves
  6016 | D:7      | Reached XP level 9. HP: 28/68 MP: 8/8
  6303 | D:7      | Reached skill level 14 in Staves
  6362 | D:7      | Found a sparkling altar of Nemelex Xobeh.
  6362 | D:7      | Found a burning altar of Makhleb.
  6363 | D:7      | Found a glowing golden altar of the Shining One.
  6370 | D:7      | Became a worshipper of Makhleb the Destroyer
  6818 | D:8      | Noticed a hell beast
  6819 | D:8      | Noticed a rust devil
  6819 | D:8      | Found an ancient bone altar of Kikubaaqudgha.
  6819 | D:8      | Noticed a hell beast
  6844 | D:8      | Found a bloodstained altar of Trog.
  7159 | D:8      | Found a staircase to the Lair.
  7511 | D:8      | Noticed a troll
  7530 | D:8      | Killed a troll
  7530 | D:8      | Reached skill level 15 in Staves
  8026 | D:8      | Reached * piety under Makhleb
  8051 | D:8      | Reached skill level 1 in Armour
  8126 | D:8      | Found Teith's Assorted Antiques.
  8498 | D:9      | Noticed Maurice
  8499 | D:9      | Noticed a troll
  8519 | D:9      | Killed Maurice
  8527 | D:9      | Killed a troll
  8722 | D:9      | Reached XP level 10. HP: 80/80 MP: 9/9
  8837 | D:9      | Reached skill level 5 in Dodging
  8946 | D:9      | Found an oddly glowing altar of Pakellas.
  8946 | D:9      | Found a sacrificial altar of Ru.
  9183 | D:9      | Reached ** piety under Makhleb
  9324 | D:10     | Entered Level 10 of the Dungeon
  9358 | D:10     | Found a portal to a secret trove of treasure.
  9367 | D:10     | Noticed Harold
  9384 | D:10     | Killed Harold
  9384 | D:10     | Reached skill level 5 in Fighting
  9384 | D:10     | Reached skill level 5 in Armour
  9384 | D:10     | Reached skill level 1 in Invocations
 10223 | D:10     | Killed an unseen horror
 10945 | D:10     | Found Motropiv's Distillery.
 10955 | D:10     | Noticed a brown ugly thing
 10957 | D:10     | Reached *** piety under Makhleb
 10967 | D:10     | Killed a brown ugly thing
 10967 | D:10     | Reached XP level 11. HP: 84/92 MP: 11/13
 11196 | D:10     | Noticed a death knight
 11458 | D:10     | Killed a death knight
 11611 | D:11     | Noticed Nergalle
 11661 | D:11     | Noticed a hill giant
 11665 | D:11     | Killed a hill giant
 11723 | D:11     | Killed Nergalle
 11723 | D:11     | Reached skill level 5 in Invocations
 11756 | D:11     | Found Koaxu Kett's Gadget Shoppe.
 11790 | D:11     | Found a flagged portal.
 11801 | Bailey   | Entered a bailey
 11801 | Bailey   | Noticed an orc knight
 11803 | Bailey   | Noticed an orc knight
 12020 | Bailey   | Killed an orc knight
 12020 | Bailey   | Reached **** piety under Makhleb
 12022 | Bailey   | HP: 1/94 [orc knight/trident (20)]
 12023 | Bailey   | Mangled by an orc warrior

Vault maps used:
D:1:      dpeg_arrival_arbitrary_c
D:2:      uniq_terence
D:3:      minmay_fountain_box
D:4:      lemuel_coloured_pillars_altar, first_bread, elyvilon_altar_4
D:5:      cheibriados_altar_1, amethyst_overflow_temple_binary
D:6:      uniq_pikel
D:7:      gammafunk_temple_overflow_claw, grunt_livestock, uniq_menkaure
D:8:      erik_lair_island, serial_shops, nicolae_shop_overgrown_old_shop,
          basic_altar, st_stairs_6, lemuel_hellish_altar
D:9:      gammafunk_temple_overflow_wave, kennysheep_generic_room_9,
          uniq_maurice
D:10:     serial_shops, nicolae_shop_crystal, enter_trove_1, roderic_lattice_a,
          hangedman_decor_lopped, uniq_harold
D:11:     serial_shops, shop, lightli_bailey_entry_fortress, uniq_nergalle
Temple:   dshaligram_water_room_temple
Bailey:   bailey_polearm_4, bailey

Skill      XL: |  1  2  3  4  5  6  7  8  9 10 11 |
---------------+----------------------------------+-----
Staves         | 4 5 6 8 9 11 13 15 | 15.2
Armour         | 3 6 7 |  7.8
Fighting       | 4 7 8 |  8.2
Dodging        | 4 7 8 |  8.0
Invocations    | 4 5 |  5.4
Throwing       | |  2.0

Action                   |  1- 3 |  4- 6 |  7- 9 | 10-12 || total
-------------------------+-------+-------+-------+-------++-------
Melee: Quarterstaff      |    67 |   157 |       |       ||   224
       Headbutt          |     8 |    21 |    30 |    41 ||   100
       Lajatang          |       |       |   189 |   210 ||   399
 Fire: Blowgun           |       |     4 |       |       ||     4
Evoke: Wand              |       |       |     3 |    10 ||    13
  Use: Scroll            |       |     3 |    19 |     6 ||    28
       Potion            |       |       |       |     2 ||     2
  Eat: Chunk             |     1 |     9 |    13 |     9 ||    32
       Pizza             |       |     1 |       |     1 ||     2
Armor: Leather armour    |     8 |       |       |       ||     8
       Chain mail        |       |    68 |    97 |    14 ||   179
       Plate armour      |       |       |       |    99 ||    99
Dodge: Dodged            |    34 |    81 |    57 |   111 ||   283
